 Dungeon Crawl Stone Soup version 0.19-a0-1932-g59670f6 (webtiles) character file.

98 varam the Cudgeler (level 4, 0/29 HPs)
             Began as a Gargoyle Monk on Oct 25, 2016.
             Killed from afar by an orc wizard (3 damage)
             ... with a magic dart
             ... on level 3 of the Dungeon.
             The game lasted 00:04:28 (2058 turns).

varam the Cudgeler (Gargoyle Monk)                  Turns: 2058, Time: 00:04:28

Health: 0/29       AC: 11    Str: 15    XL:     4   Next: 71%
Magic:  4/4        EV:  7    Int: 11    God:
Gold:   137        SH:  0    Dex: 12    Spells: 0 memorised, 3 levels left

rFire  . . .     SeeInvis .     a - +0 mace
rCold  . . .     Gourm    .     m - +0 chain mail (curse)
rNeg   + . .     Faith    .     (no shield)
rPois  ∞         Spirit   .     (no helmet)
rElec  +         Reflect  .     (no cloak)
rCorr  .         Harm     .     (no gloves)
MR     .....                    (no boots)
Stlth  ..........               (no amulet)
                                (no ring)
                                (no ring)

@: no status effects
A: negative energy resistance 1, electricity resistance, unbreathing,
petrification resistance, rot immunity, AC +3
a: no special abilities


You were on level 3 of the Dungeon.
You were not hungry.

You visited 1 branch of the dungeon, and saw 4 of its levels.

You collected 137 gold pieces.

Inventory:

Hand Weapons
 a - a +0 mace (weapon)
 t - a +0 whip
Missiles
 i - 101 stones (quivered)
 w - 6 tomahawks
Armour
 b - a +0 robe
 m - a cursed +0 chain mail (worn)
Jewellery
 k - an uncursed amulet of guardian spirit {unknown}
 l - an uncursed ring of see invisible {unknown}
Scrolls
 f - a scroll of enchant armour {unknown}
 g - a scroll of recharging {unknown}
 h - 2 scrolls of magic mapping {unknown}
 j - 2 scrolls of amnesia {unknown}
 o - a scroll of immolation {unknown}
 q - a scroll of fear {unknown}
 r - a scroll of identify {unknown}
 u - a scroll of fog {unknown}
Potions
 e - a potion of degeneration {unknown}
 s - a potion of curing {unknown}
 v - a potion of flight {unknown}
Comestibles
 c - 3 bread rations
 d - 2 beef jerkies
 n - 3 fruits
 p - a slice of pizza
 x - a royal jelly


   Skills:
 - Level 4.0 Fighting
 * Level 4.8 Maces & Flails
 + Level 0.2 Armour
 - Level 2.4 Dodging
 - Level 2.1 Stealth


You had 3 spell levels left.
You didn't know any spells.

Dungeon Overview and Level Annotations

Branches:
Dungeon (4/15)
 Temple: D:4-7

Altars:

Shops:
D:4 *


Innate Abilities, Weirdness & Mutations

You are resistant to torment.
Your stone body is resilient. (AC +3)
You are immune to poison.
You resist negative energy. (rN+)
You are resistant to electric shocks. (rElec)
You can survive without breathing.
You are immune to petrification.
You are immune to rotting.


Message History

The orc wizard blinks!
The orc hits you but does no damage.
You hit the orc.
The orc is almost dead.
The orc wizard points at you and mumbles some strange words.
The magic dart hits you!
* * * LOW HITPOINT WARNING * * *
The orc closely misses you.
You hit the orc.
You kill the orc!
The orc wizard casts a spell.
The orc wizard blinks!
Things that are here:
a mace; an orc corpse The orc wizard mumbles some strange words.
Things that are here:
a scale mail; an enchanted war axe; an orc corpse You see here a ring mail.
The orc wizard casts a spell at you. The magic dart hits you!
You die...

#####
###########...#######
.......>.............
###########....#####
##....## .#
#####.....##### .##
#.........[.[.# ..
...###...<@###)# .###
# #.....†.#.# ... #
#.#.#.#o#.# .##.##.
#..#.#...#.†.#
....... #...%.#####.#
.# #..###..o# ..# ##
...# ###o# #o# # .#
oo.#.# # o##.#


You could see an orc wizard.

Vanquished Creatures
  2 adders
  An ooze (D:1)
  3 worms (D:2)
  2 leopard geckos
  4 orcs (D:3)
  2 ball pythons
  3 bats
  2 giant cockroaches (D:3)
  5 goblins
  7 hobgoblins
  11 jackals
  3 kobolds
  4 frilled lizards
  7 rats
56 creatures vanquished.

Notes
Turn   | Place    | Note
-------+----------+-------------------------------------------
     0 | D:1      | varam the Gargoyle Monk began the quest for the Orb.
     0 | D:1      | Reached XP level 1. HP: 14/14 MP: 1/1
    94 | D:4      | Found Dielidd's Assorted Antiques.
    94 | D:4      | Noticed an orc wizard
   166 | D:1      | Reached XP level 2. HP: 19/19 MP: 2/2
   563 | D:1      | Reached XP level 3. HP: 23/24 MP: 3/3
  1366 | D:2      | Reached XP level 4. HP: 28/29 MP: 4/4
  2058 | D:3      | Killed from afar by an orc wizard

Vault maps used:
D:1:      shiori_arrival_elements
D:2:      minmay_misc_feat_cross
D:3:      first_bread, ecumenical_altar_1, minmay_misc_feat_tiny,
          corexii_item_surrounded_by_moat, uniq_iyjb
D:4:      serial_shops, shop, kennysheep_generic_room_8

Skill      XL: |  1  2  3  4 |
---------------+-------------+-----
Maces & Flails | 4 |  4.8
Fighting       | 4 |  4.0
Armour         | |  0.2
Dodging        | |  2.4
Stealth        | |  2.1

Action                   |  1- 3 |  4- 6 || total
-------------------------+-------+-------++-------
Melee: Mace              |   114 |    59 ||   173
       Whip              |       |    46 ||    46
 Stab: Sleeping          |     4 |       ||     4
  Eat: Chunk             |     2 |     2 ||     4
Armor: Robe              |     8 |       ||     8
       Chain mail        |    72 |    67 ||   139
Dodge: Dodged            |    56 |    40 ||    96
